AoeStats
← INK | Lactato

Arena

508801673Analyzed
4v4 RM · 8d ago on Sep 24, 2026· 42m 13s· 8 players
Game mode
Random Map
Map size
Large (8 player)
Population
200
Speed
Normal
Resources
Standard
Victory
Conquest
Starting age
Dark Age
Ending age
Imperial Age
RankedLock teamsTeams togetherTeam positionsShared explorationLock speedFull tech treeHidden civsTurbo modeCheats
Victory
Defeat
🇦🇷 Britons · Argentina
1516
+12
🇦🇷 Khmer · Argentina
1443
+15
🇺🇾 Varangians · Uruguay
1408
+17
🇦🇷 Saxons · Argentina
1392
+17
🇦🇷 Bohemians · Argentina
1435
-16
🇨🇳 Mongols · China
1431
-16
🇨🇳 Varangians · China
1425
-15
1402
-14
weaking
10:52 Feudal Age
14:28 Castle Age
13:09 Double-Bit Axe
13:07 Horse Collar
15:00 Loom
15:46 Bow Saw
21:02 Fervor
26:29 Imperial Age
24:11 Fletching
25:19 Wheelbarrow
25:30 Town Watch
27:06 Ballistics
33:03 Bodkin Arrow
34:09 Crossbowman
38:56 Chemistry
38:39 Padded Archer Armor
39:10 Bracer
41:33 Scale Mail Armor
41:34 Padded Archer Armor
41:29 Arbalester
我是你大飞哥
10:38 Feudal Age
14:39 Castle Age
13:43 Double-Bit Axe
19:48 Fervor
24:21 Wheelbarrow
24:34 Stone Mining
24:50 Horse Collar
26:24 Hand Cart
25:54 Loom
27:16 Stone Shaft Mining
27:34 Gold Mining
31:18 Imperial Age
29:25 Scale Barding Armor
29:30 Forging
29:37 Bloodlines
29:27 Husbandry
29:43 Treadmill Crane
31:18 Chain Barding Armor
31:58 Iron Casting
31:31 Heavy Plow
32:35 Conscription
32:16 Town Watch
32:16 Elite Jarl
35:13 Blast Furnace
36:12 Ballistics
36:52 Chemistry
38:05 Elite Skirmisher
38:53 Fletching
39:03 Padded Archer Armor
40:18 Masonry
40:17 Bodkin Arrow
40:38 Leather Archer Armor
41:07 Bracer
41:43 Plate Barding Armor
瓦兰吉程咬金三板斧
10:26 Feudal Age
11:46 Double-Bit Axe
14:30 Castle Age
12:21 Horse Collar
15:26 Bow Saw
24:03 Wheelbarrow
28:35 Imperial Age
26:33 Scale Mail Armor
26:43 Heavy Plow
26:34 Gold Mining
27:02 Squires
26:49 Man-at-Arms
27:48 Chain Mail Armor
27:44 Forging
27:21 Gambesons
27:45 Loom
27:38 Long Swordsman
28:39 Shield Wall
28:41 Two-Handed Swordsman
30:14 Plate Mail Armor
31:00 Iron Casting
30:57 Conscription
30:48 Champion
32:22 Arson
32:27 Pikeman
34:00 Halberdier
38:37 Two-Man Saw
38:15 Gold Shaft Mining
37:13 Elite Varangian Guard
39:31 Hand Cart
120057903
10:42 Feudal Age
14:26 Castle Age
12:53 Double-Bit Axe
12:49 Horse Collar
15:35 Bow Saw
15:31 Heavy Plow
19:12 Wheelbarrow
25:25 Hand Cart
25:38 Gold Mining
25:39 Stone Mining
25:41 Fletching
28:32 Imperial Age
26:20 Padded Archer Armor
26:47 Fletching
29:06 Scale Barding Armor
28:57 Bodkin Arrow
29:39 Conscription
28:40 Elite Mangudai
29:59 Ballistics
30:10 Leather Archer Armor
30:12 Bloodlines
30:03 Husbandry
31:00 Parthian Tactics
30:41 Thumb Ring
30:57 Capped Ram
32:56 Bracer
33:17 Chain Barding Armor
34:10 Siege Ram
34:14 Onager
39:24 Forging
40:16 Chemistry
40:22 Siege Onager
41:54 Town Watch
41:54 Loom
41:57 Siege Ram
INK | Condortiero
10:11 Feudal Age
14:27 Castle Age
12:54 Double-Bit Axe
13:37 Horse Collar
15:53 Bow Saw
17:21 Loom
19:35 Wheelbarrow
21:43 Heavy Plow
22:49 Town Watch
24:29 Hand Cart
24:13 Gold Mining
28:42 Imperial Age
26:12 Fletching
27:05 Yeomen
27:49 Gold Shaft Mining
27:08 Stone Mining
27:40 Bodkin Arrow
28:43 Ballistics
29:26 Bracer
30:38 Chemistry
29:35 Elite Longbowman
30:41 Padded Archer Armor
32:11 Conscription
32:09 Leather Archer Armor
32:06 Masonry
33:28 Hoardings
35:13 Ring Archer Armor
35:41 Warwolf
36:51 Town Patrol
37:54 Two-Man Saw
37:18 Siege Engineers
40:48 Architecture
39:59 Treadmill Crane
INK | Rhino
10:18 Feudal Age
11:17 Stone Mining
13:44 Castle Age
12:16 Double-Bit Axe
14:29 Light Cavalry
15:55 Loom
15:57 Town Watch
24:01 Wheelbarrow
26:33 Imperial Age
24:01 Stone Mining
25:43 Bloodlines
25:33 Horse Collar
26:04 Scale Barding Armor
26:10 Forging
26:26 Husbandry
27:04 Hand Cart
27:37 Chain Barding Armor
27:46 Gold Mining
28:55 Iron Casting
29:01 Elite Battle Elephant
30:18 Heavy Plow
31:46 Plate Barding Armor
31:32 Tusk Swords
31:53 Conscription
33:08 Bow Saw
34:55 Devotion
36:46 Blast Furnace
37:18 Crop Rotation
INK | La Bestia
9:56 Feudal Age
13:33 Castle Age
11:33 Double-Bit Axe
11:49 Horse Collar
15:09 Bow Saw
22:29 Gold Mining
23:42 Heavy Plow
26:39 Imperial Age
24:47 Scale Barding Armor
24:53 Forging
25:53 Chain Barding Armor
25:50 Loom
26:44 Wheelbarrow
27:27 Bloodlines
27:18 Husbandry
27:41 Vendel Legacy
28:56 Conscription
28:26 Cavalier
31:06 Plate Barding Armor
31:11 Hand Cart
34:15 Padded Archer Armor
34:51 Iron Casting
36:39 Blast Furnace
INK | Lactato
10:30 Feudal Age
14:20 Castle Age
12:20 Double-Bit Axe
14:07 Loom
16:06 Bow Saw
17:05 Scale Mail Armor
21:43 Horse Collar
23:24 Heavy Plow
24:10 Redemption
24:08 Clerical Recruitment
31:27 Imperial Age
30:04 Chain Mail Armor
33:37 Wheelbarrow
33:30 Man-at-Arms
33:56 Gambesons
34:55 Crop Rotation
34:11 Long Swordsman
34:52 Squires
35:54 Plate Mail Armor
35:34 Forging
36:45 Wheelbarrow
37:05 Town Watch
38:57 Two-Man Saw
37:20 Two-Handed Swordsman
38:01 Elite Varangian Guard
38:28 Arson
38:58 Gold Mining
38:58 Stone Mining
39:47 Wheelbarrow
Connection lost

Rejoining the realm…

Still unreachable

The connection could not be restored.

Session expired

The server has moved on; the page needs a fresh start.